Map: Thunderbird LE

Players

Cure - Winner!

  • Race: Terran Terran
  • League: Master
  • Spawn Location: 11:00

llllllllllll (Trap)

  • Race: Protoss Protoss
  • League: Master
  • Spawn Location: 5:00

Event: HomeStory Cup XX

VOD

Have the link to the VOD?

Description

Time

  • Played on: Nov. 24, 2019, 6:17 a.m.
  • Length: 18:10

All games in this series

Show
View Real Time Build Order
Export as new Build Order

Cure Terran - Winner!

Build Orders: Gas First Reaper Expand 

Get SALT Encoding   

  12  0:00  SCV  
  13  0:12  SCV  
  14  0:17  Supply Depot  
  14  0:24  SCV  
  14  0:27  Refinery  
  15  0:39  SCV  
  16  0:43  Barracks  
  16  0:51  SCV  
  17  1:03  SCV  
  18  1:15  SCV  
  19  1:30  Orbital Command, Reaper  
  20  1:42  Command Center  
  20  1:53  Factory  
  20  1:56  SCV  
  21  2:04  Barracks Reactor  
  21  2:08  SCV  
  21  2:12  Supply Depot  
  22  2:16  Refinery  
  22  2:21  SCV  
  23  2:34  SCV  
  24  2:43  Marine x2, Armory  
  26  2:46  Widow Mine  
  26  2:47  SCV  
  29  2:53  Orbital Command  
  29  2:59  SCV  
  29  3:02  Marine x2  
  32  3:08  Factory Tech Lab  
  32  3:10  Starport  
  32  3:13  SCV  
  33  3:20  SCV  
  33  3:21  Marine  
  33  3:22  Marine  
  33  3:25  SCV  
  37  3:29  Drilling Claws  
  37  3:32  Widow Mine  
  39  3:35  Supply Depot  
  39  3:37  SCV  
  39  3:38  SCV  
  39  3:40  Marine  
  42  3:42  Marine  
  42  3:47  Medivac  
  45  3:49  SCV  
  45  3:53  Supply Depot  
  46  3:57  Widow Mine, SCV  
  46  3:59  Marine  
  46  4:00  Marine  
  51  4:03  SCV  
  51  4:09  SCV  
  52  4:13  Bunker  
  52  4:16  SCV  
  53  4:17  Medivac  
  53  4:18  Widow Mine  
  53  4:20  Marine x2  
  53  4:21  SCV  
  60  4:25  Supply Depot  
  60  4:28  SCV  
  56  4:33  SCV  
  57  4:40  Widow Mine, SCV  
  57  4:45  SCV  
  61  4:47  Supply Depot  
  61  4:54  SCV  
  61  4:56  Marine x2  
  61  4:57  SCV  
  63  5:01  Widow Mine  
  63  5:06  SCV  
  66  5:07  Command Center  
  66  5:09  SCV  
  66  5:13  Supply Depot  
  67  5:20  SCV  
  68  5:21  SCV  
  68  5:22  Barracks x2  
  69  5:32  SCV  
  69  5:33  Marine, SCV  
  69  5:34  Widow Mine, Stimpack  
  69  5:35  Widow Mine  
  72  5:40  Refinery  
  72  5:41  Refinery  
  72  5:45  SCV x2  
  74  5:51  Engineering Bay x2  
  74  5:55  Marine  
  76  5:57  SCV  
  76  5:58  SCV  
  76  6:01  Starport Reactor  
  81  6:09  SCV  
  81  6:10  SCV  
  79  6:12  Barracks Tech Lab, Barracks  
  79  6:17  Barracks  
  75  6:19  Terran Infantry Weapons Level 1  
  75  6:20  Factory Reactor  
  75  6:21  Orbital Command  
  75  6:22  SCV, Terran Infantry Armor Level 1  
  75  6:23  SCV  
  79  6:26  Marauder  
  79  6:29  Marine x2  
  79  6:31  Marauder  
  83  6:34  SCV  
  83  6:35  SCV  
  81  6:43  Combat Shield  
  81  6:46  Missile Turret  
  81  6:47  SCV x2  
  81  6:49  Missile Turret  
  81  6:50  Marine x2, Marauder  
  81  6:52  Marauder, Medivac  
  89  6:58  Medivac  
  89  6:59  SCV  
  89  7:00  Orbital Command  
  90  7:01  SCV  
  90  7:08  Supply Depot, Missile Turret  
  91  7:11  Barracks Tech Lab, SCV  
  91  7:12  Marine x2, Marauder, Barracks Reactor  
  91  7:14  Widow Mine, Marauder  
  100  7:16  Widow Mine  
  100  7:21  SCV  
  101  7:25  Supply Depot  
  101  7:26  Supply Depot  
  101  7:29  SCV x2  
  103  7:32  Marine x2, Marauder  
  103  7:34  Marauder  
  109  7:41  Supply Depot  
  109  7:42  Refinery x2  
  109  7:46  Medivac  
  109  7:47  SCV x3  
  109  7:48  Concussive Shells, Armory  
  114  7:52  Medivac  
  114  7:53  Widow Mine x2  
  114  7:56  Supply Depot  
  119  8:02  Marine x4  
  119  8:03  Marauder x3  
  119  8:04  SCV x2  
  119  8:05  SCV  
  132  8:16  SCV  
  132  8:18  Terran Infantry Weapons Level 2, SCV x2  
  135  8:23  Terran Infantry Armor Level 2  
  135  8:24  Supply Depot x2  
  135  8:26  Command Center  
  135  8:30  Viking  
  135  8:32  Viking  
  139  8:39  SCV  
  139  8:40  SCV x2  
  141  8:43  Starport  
  141  8:45  Ghost Academy  
  141  8:46  Supply Depot  
  141  8:47  Supply Depot  
  147  8:48  Marauder x3  
  147  8:55  Marine x4  
  151  9:01  SCV x3  
  154  9:07  Viking  
  154  9:08  Viking  
  154  9:09  Supply Depot  
  158  9:10  Supply Depot  
  156  9:22  Viking x2, Ghost x2  
  164  9:27  Ghost  
  164  9:28  Marine x4  
  170  9:34  Refinery  
  170  9:35  Refinery  
  170  9:39  Planetary Fortress  
  170  9:40  SCV x3  
  173  9:46  Barracks  
  173  9:47  Barracks  
  173  9:48  Barracks  
  173  9:51  Missile Turret  
  173  9:52  Missile Turret  
  171  9:53  Missile Turret  
  171  9:54  Viking  
  171  9:57  Viking  
  175  10:02  Viking  
  175  10:03  Viking  
  175  10:14  Ghost  
  175  10:15  Ghost x2  
  175  10:16  Marine x4  
  175  10:21  SCV x4  
  180  10:25  Viking  
  180  10:27  Viking  
  177  10:34  Sensor Tower, Missile Turret  
  173  10:35  Barracks Tech Lab, Barracks Reactor  
  173  10:36  Barracks Tech Lab  
  173  10:39  Marine  
  174  10:43  Ghost  
  174  10:44  Marauder, Medivac  
  174  10:48  Marine x3, Marauder  
  185  10:55  Marine  
  185  10:56  Marauder  
  179  10:57  Marine  
  160  11:05  Marine x2  
  160  11:06  Marine x2  
  160  11:08  Viking  
  160  11:10  Marauder  
  153  11:12  Marine  
  153  11:13  Marine  
  153  11:15  Marine  
  153  11:17  Marauder, Viking x2  
  149  11:23  Marine x6  
  155  11:30  Marauder  
  155  11:31  Marine, Marauder  
  155  11:34  Marine  
  155  11:38  Marine  
  128  11:40  Marine x2  
  128  11:41  Marauder  
  128  11:46  SCV x4  
  122  11:49  Marauder  
  124  11:58  SCV x3  
  124  12:00  SCV  
  128  12:02  Medivac  
  128  12:03  Medivac  
  132  12:10  SCV x3  
  132  12:12  SCV  
  132  12:14  Terran Infantry Weapons Level 3  
  136  12:22  SCV x2  
  137  12:23  SCV  
  137  12:24  SCV  
  140  12:31  Medivac x2  
  140  12:32  Refinery  
  140  12:34  SCV  
  140  12:35  SCV x2  
  140  12:36  SCV  
  148  12:40  Terran Infantry Armor Level 3  
  148  12:42  Terran Ship Weapons Level 1  
  148  12:47  SCV x3  
  148  12:48  SCV  
  152  12:53  Liberator x3  
  152  12:54  Medivac  
  152  12:56  Command Center  
  152  12:58  Fusion Core  
  154  12:59  Marine x2  
  154  13:00  Marauder  
  154  13:01  Marine  
  159  13:07  Liberator  
  168  13:24  Sensor Tower  
  171  13:31  Marine x6  
  171  13:32  Marauder x3  
  183  13:36  Liberator x3  
  182  13:49  Advanced Ballistics  
  182  13:50  Liberator  
  182  13:52  Enhanced Shockwaves  
  182  13:54  Marine x4, Marauder  
  193  14:06  Command Center  
  196  14:15  Marine x2  
  196  14:16  Marauder x2  
  193  14:37  Ghost  
  193  14:38  Marine x5, Marauder x2  
  197  14:50  Ghost  
  197  14:51  Marine  
  197  14:52  Terran Ship Weapons Level 2  
  200  14:58  Command Center  
  200  14:59  Command Center  
  200  15:09  Liberator  
  200  15:13  Planetary Fortress  
  199  15:21  Orbital Command  
  199  15:26  Sensor Tower  
  200  15:28  Personal Cloaking, Missile Turret  
  200  15:30  Starport  
  194  15:58  Ghost x2  
  194  15:59  Marauder  
  200  16:08  Missile Turret  
  200  16:10  Missile Turret  
  200  16:12  Liberator x2  
  189  16:21  Medivac x2  
  189  16:22  Marine x5  
  189  16:23  Marauder  
  196  16:36  Marine x2, Marauder  
  196  16:37  Orbital Command  
  200  16:44  Refinery x2, Command Center  
  200  16:46  Command Center  
  192  16:54  Nuke  
  192  16:56  Viking x2  
  194  17:07  Marine x4  
  194  17:08  Marauder x2  
  198  17:12  Viking  
  200  17:32  Marine x2, Marauder  
  200  17:36  Marine x4  
  191  17:37  Marauder x2  
  191  17:43  Marine x2  
  190  17:49  Marine x2  
Show
View Real Time Build Order
Export as new Build Order

llllllllllll Protoss 

Build Orders: 1 Gate Expand, Oracle Opening 

Get SALT Encoding   

  12  0:00  Probe  
  13  0:12  Probe  
  14  0:16  Pylon  
  14  0:24  Probe  
  15  0:32  Probe  
  15  0:35  Gateway  
  15  0:40  Probe  
  16  0:45  Assimilator  
  17  0:51  Probe  
  18  1:03  Probe  
  19  1:15  Probe  
  20  1:22  Nexus  
  20  1:31  Cybernetics Core  
  20  1:34  Probe  
  20  1:39  Assimilator  
  21  1:46  Probe  
  22  1:50  Pylon  
  22  1:58  Adept, Probe  
  23  2:10  Probe  
  23  2:12  Stargate  
  26  2:18  Warp Gate  
  26  2:22  Probe  
  27  2:28  Stalker  
  29  2:30  Probe  
  29  2:31  Probe  
  31  2:38  Probe  
  31  2:39  Probe  
  33  2:48  Probe  
  33  2:49  Probe  
  33  2:50  Oracle  
  38  3:00  Probe  
  38  3:01  Probe  
  38  3:04  Pylon  
  40  3:12  Probe  
  41  3:13  Probe  
  41  3:17  Oracle  
  44  3:24  Probe  
  44  3:25  Probe  
  46  3:27  Gateway  
  46  3:32  Stalker  
  49  3:38  Probe x2, Gateway  
  51  3:41  Pylon  
  51  3:50  Probe x2  
  53  3:59  Oracle  
  56  4:07  Nexus  
  56  4:08  Probe x2  
  58  4:14  Pylon  
  58  4:16  Assimilator  
  58  4:18  Assimilator  
  58  4:19  Stalker  
  58  4:23  Probe x2  
  62  4:32  Phoenix  
  62  4:35  Probe x2  
  66  4:39  Forge  
  66  4:43  Pylon  
  66  4:45  Robotics Facility  
  66  4:49  Adept  
  66  4:50  Adept  
  65  5:00  Probe x2, Phoenix  
  69  5:14  Photon Cannon  
  69  5:15  Photon Cannon  
  69  5:17  Probe x2  
  69  5:21  Phoenix  
  71  5:30  Probe  
  71  5:34  Probe x2  
  74  5:38  Probe, Protoss Ground Weapons Level 1  
  74  5:39  Observer  
  74  5:46  Probe x2  
  74  5:48  Probe  
  78  5:55  Robotics Bay, Observer  
  78  5:56  Pylon  
  79  5:58  Probe x2  
  79  6:01  Probe  
  83  6:10  Immortal, Probe x2  
  85  6:12  Sentry, Zealot x2  
  85  6:13  Probe  
  85  6:15  Pylon  
  92  6:25  Pylon  
  94  6:39  Probe x3  
  95  6:40  Colossus  
  93  6:47  Stalker x3  
  105  6:55  Probe x3  
  105  7:01  Assimilator  
  108  7:02  Assimilator  
  108  7:03  Pylon  
  108  7:07  Extended Thermal Lance  
  104  7:11  Pylon  
  104  7:14  Probe x3  
  104  7:15  Gateway  
  106  7:18  Gateway  
  106  7:22  Probe  
  106  7:25  Colossus  
  106  7:26  Probe x2, Photon Cannon  
  109  7:31  Probe  
  116  7:38  Probe, Twilight Council  
  116  7:39  Probe  
  116  7:43  Probe  
  119  7:46  Protoss Ground Armor Level 1  
  119  7:51  Probe  
  120  7:53  Stalker x2  
  124  8:06  Gateway  
  124  8:07  Gateway  
  124  8:08  Charge  
  124  8:09  Gateway  
  124  8:12  Nexus  
  124  8:14  Pylon  
  124  8:16  Observer  
  124  8:20  Warp Prism, Templar Archives  
  124  8:26  Pylon  
  124  8:31  Observer  
  124  8:33  Pylon  
  125  8:37  Pylon  
  125  8:40  Zealot x3  
  131  8:42  Zealot  
  131  8:44  Pylon  
  131  8:47  Zealot  
  135  8:49  Colossus  
  135  8:53  Gateway  
  134  8:59  Gateway  
  140  9:05  High Templar x3  
  140  9:06  High Templar  
  140  9:07  High Templar  
  150  9:10  High Templar, Zealot x2  
  150  9:16  Archon x3  
  156  9:24  Pylon  
  156  9:26  Pylon, Probe x4  
  156  9:30  Pylon  
  160  9:32  Pylon  
  158  9:39  High Templar x2, Zealot  
  158  9:40  Zealot x2  
  158  9:43  Observer  
  158  9:45  Archon, Zealot x2  
  173  9:51  Zealot x2  
  177  10:04  High Templar x2, Zealot x2  
  177  10:05  Zealot x2  
  189  10:08  Archon  
  189  10:09  Protoss Ground Armor Level 2  
  182  10:20  Probe x2  
  182  10:21  Probe x2  
  179  10:22  Blink, Zealot x4  
  185  10:29  High Templar  
  185  10:30  High Templar, Zealot x2  
  190  10:37  Archon  
  190  10:41  Stalker x2  
  194  10:43  Stalker x2  
  194  10:45  Zealot  
  164  11:05  Zealot x8  
  164  11:06  Observer, Disruptor  
  149  11:12  Zealot x2  
  140  11:19  Probe x4, Robotics Facility  
  144  11:31  Probe x4  
  146  11:33  Zealot x6  
  146  11:34  Zealot  
  146  11:37  Disruptor  
  120  11:41  High Templar x3  
  120  11:45  Probe x2  
  120  11:46  Probe x2  
  94  11:52  Archon  
  93  11:55  Assimilator  
  93  11:57  Assimilator, Probe, Robotics Facility  
  93  12:00  High Templar  
  93  12:01  Zealot x3  
  100  12:03  Shield Battery x2  
  100  12:05  Disruptor  
  100  12:06  Archon  
  100  12:07  Sentry x2, Zealot  
  108  12:08  Immortal  
  113  12:23  Zealot x4  
  113  12:29  Zealot x3  
  127  12:34  Observer  
  127  12:35  Disruptor  
  125  12:43  Disruptor  
  126  12:45  Forge  
  126  12:47  Stalker x3  
  126  12:48  Stalker  
  140  12:54  Disruptor  
  140  12:55  Stalker  
  140  12:56  Stalker  
  144  12:58  Protoss Ground Armor Level 3  
  144  13:06  Observer  
  144  13:11  Warp Prism  
  144  13:12  Protoss Ground Weapons Level 2  
  145  13:14  Gravitic Drive  
  147  13:20  Pylon  
  144  13:35  Stalker x3  
  144  13:36  Stalker  
  152  13:42  Stalker x2  
  152  13:43  Stalker  
  158  13:51  Nexus  
  158  13:52  Pylon  
  155  13:59  Stalker x5  
  163  14:02  Photon Cannon  
  161  14:17  High Templar x2, Zealot x3  
  161  14:19  Disruptor  
  161  14:23  Archon  
  173  14:33  Zealot x2  
  173  14:34  Zealot x3  
  173  14:41  Stalker x3  
  173  14:43  Psionic Storm  
  173  14:50  Photon Cannon x2  
  173  14:58  High Templar x3  
  173  14:59  Pylon, Zealot x2  
  183  15:07  Photon Cannon  
  183  15:21  Observer x2, Zealot x4  
  191  15:31  Protoss Shields Level 1, High Templar x3  
  195  15:43  Zealot x2  
  195  15:52  Zealot  
  189  15:58  Assimilator  
  189  15:59  Assimilator  
  189  16:06  Nexus  
  187  16:17  Stalker x2, Zealot x4  
  199  16:23  Zealot x3  
  194  16:36  High Templar  
  194  16:42  Zealot x3  
  199  17:01  Pylon  
  199  17:03  Pylon  
  191  17:08  Gateway  
  191  17:10  Gateway  
  191  17:12  Gateway  
  189  17:15  Archon  
  189  17:18  Stalker x7  
  195  17:26  Zealot x2  
  194  17:32  Archon  
  194  17:34  Zealot  
  129  17:46  Stalker x8  
  129  17:47  Stalker  
Tags
 
Add a new tag
Caveats
  • Supply blocks, unpowered buildings, or Contaminate may cause inaccurate times.
  • Supply counts are checked every 10 seconds.